 Dungeon Crawl Stone Soup version 0.30-a0-322-g102857c98e (webtiles) character file.

Game seed: 13536593809657212475

59 porpoise the Poker (level 3, 0/28 HPs)
             Began as a Demonspawn Gladiator on Oct 28, 2022.
             Slain by an adder (1 damage)
             ... on level 2 of the Dungeon.
             The game lasted 00:03:48 (666 turns).

porpoise the Poker (Demonspawn Gladiator)            Turns: 666, Time: 00:03:49

Health: 0/28       AC:  3    Str: 14    XL:     3   Next: 78%
Magic:  3/3        EV: 12    Int:  9    God:
Gold:   71         SH:  0    Dex: 16    Spells: 2/2 levels left

rFire   . . .      SeeInvis .    a - +0 trident
rCold   . . .      Faith    .    (no shield)
rNeg    . . .      Spirit   .    b - +0 leather armour
rPois   .          Reflect  .    (helmet restricted)
rElec   .          Harm     .    (no cloak)
rCorr   .          Rampage  .    (no gloves)
Will    .....                    (no boots)
Stlth   ++........               m - amulet of the acrobat
HPRegen 0.24/turn                (no ring)
MPRegen 0.08/turn                (no ring)

@: lethally poisoned (0 -> -9)
A: horns 2, thin skeletal structure 1, weak 1, inability to drink after injury 1
a: no special abilities


You were on level 2 of the Dungeon.
You visited 1 branch of the dungeon, and saw 2 of its levels.

You collected 71 gold pieces.

Inventory:

Hand Weapons
 a - a +0 trident (weapon)
Missiles
 d - 3 throwing nets (quivered)
 e - a javelin
Armour
 b - a +0 leather armour (worn)
 c - a +0 helmet
 k - an orb of light
Jewellery
 m - an amulet of the acrobat (around neck)
Scrolls
 f - 2 scrolls of identify {unknown}
 g - a scroll of butterflies {unknown}
 h - a scroll of summoning {unknown}
 j - a scroll of teleportation {unknown}
 l - a scroll of magic mapping {unknown}
 n - a scroll of immolation {unknown}


   Skills:
 + Level 2.8 Fighting
 * Level 3.9 Polearms
 - Level 1.7 Throwing
 - Level 2.6 Dodging


You had 2 spell levels left.
You didn't know any spells.
Your spell library was empty.

Dungeon Overview and Level Annotations

Branches:
Dungeon (2/15)

Altars:


Innate Abilities, Weirdness & Mutations

You have a pair of horns on your head.
You have a somewhat thin skeletal structure. (Dex +2, Stealth+)
You are weak. (Str -2)
You occasionally lose the ability to drink potions when taking damage.


Message History

Natasha is almost dead.
Natasha completely misses you. The shadow imp misses you.
You barely miss Natasha.
Natasha is almost dead.
Natasha extends her claws.
Natasha claws you but does no damage. The shadow imp hits you.
Natasha closely misses you.
You hit Natasha.
You kill Natasha!
Natasha screams in pain as she dies!
The shadow imp disappears in a puff of smoke!
The white imp disappears in a puff of smoke!
The adder barely misses you.
You closely miss the adder. Your headbutt misses the adder.
The adder misses you.
You miss the adder. The adder bites you.
You are poisoned.
The adder poisons you! The adder bites you.
You are lethally poisoned!
The adder poisons you!
You hit the adder.
The adder is lightly wounded.
* * * LOW HITPOINT WARNING * * *
You feel very sick. The adder bites you but does no damage.
It was a potion of mutation.
You feel extremely strange.
You feel weaker.
You occasionally lose the ability to drink potions when taking damage.
The horns on your head grow some more.
* * * LOW HITPOINT WARNING * * *
You feel sick. The adder bites you.
* * * LOW HITPOINT WARNING * * *
You are more poisoned.
The adder poisons you!
You closely miss the adder.
The adder is lightly wounded.
* * * LOW HITPOINT WARNING * * *
You feel very sick. The adder bites you but does no damage.
The adder bites you.
You die...

#..... #..)..
#####.....
#####.........
##.....###.....
##..#####
#..... ##..##
#..... ##.####
###### #@....#
#..S.###...#
#.##.# #.# ..
#.# .# ... #..
.. ..# . ..#
..#


You could see an adder.

Vanquished Creatures
  Natasha (D:2)
  An adder (D:2)
  3 ball pythons (D:1)
  3 endoplasms (D:1)
  2 giant cockroaches (D:1)
  3 hobgoblins
  2 jackals (D:2)
  A quokka (D:1)
  A bat (D:1)
  2 frilled lizards (D:1)
  3 kobolds (D:1)
  2 rats (D:1)
24 creatures vanquished.

Notes
Turn   | Place    | Note
-------+----------+-------------------------------------------
     0 | D:1      | porpoise the Demonspawn Gladiator began the quest for the
                  | Orb.
     0 | D:1      | Reached XP level 1. HP: 16/16 MP: 1/1
   151 | D:1      | Reached skill level 3 in Polearms
   196 | D:1      | Gained mutation: You have a somewhat thin skeletal
                  | structure. (Dex +2, Stealth+) [demonic ancestry]
   196 | D:1      | Reached XP level 2. HP: 18/22 MP: 2/2
   607 | D:2      | Gained mutation: You have a pair of small horns on your
                  | head. [demonic ancestry]
   607 | D:2      | Reached XP level 3. HP: 28/28 MP: 3/3
   645 | D:2      | Noticed Natasha
   661 | D:2      | Killed Natasha
   665 | D:2      | Gained mutation: You are weak. (Str -2) [potion of
                  | mutation]
   665 | D:2      | Gained mutation: You occasionally lose the ability to drink
                  | potions when taking damage. [potion of mutation]
   665 | D:2      | Gained mutation: You have a pair of horns on your head.
                  | [potion of mutation]
   666 | D:2      | HP: 1/28 [poisoned by an adder]
   666 | D:2      | Slain by an adder

Illustrated notes

Levels and vault maps discovered:
D:1:      zaba_arrival_water, layout_rooms
D:2:      minmay_inner_zag, layout_rooms, serial_shops, nicolae_lakefront_shop,
          basic_altar, reono_crystal_passage, uniq_natasha

Skill      XL: |  1 |
---------------+----+-----
Polearms       | 3 |  3.9
Fighting       | |  2.8
Throwing       | |  1.7
Dodging        | |  2.6

Action                   || total
-------------------------++-------
Melee: Trident           ||    76
       Punch             ||     1
  Use: Potion            ||     1
 Stab: Sleeping          ||     3
       Distracted        ||     1
Armor: Leather armour    ||    22
Dodge: Dodged            ||    44

Table legend: (Time is in decaauts)
 A = Elapsed time spent in this place.
 B = Non-inter-level travel time spent in this place.
 C = Inter-level travel time spent in this place.
 D = Time resting spent in this place.
 E = Time spent auto-exploring this place.
 F = Levels seen in this place.
 G = Mean time per level.
                   A        B        C        D        E       F      G
               +--------+--------+--------+--------+--------+-----+--------+
         Total |    682 |    678 |      4 |     49 |    393 |   2 |  341.0 |
       Dungeon |    682 |    678 |      4 |     49 |    393 |   2 |  341.0 |
               +--------+--------+--------+--------+--------+-----+--------+

Top non-repeatable levels by time:
     D:1: 563 daAuts
     D:2: 119 daAuts
